Map: Honorgrounds LE

Players

uThermal - Winner!

  • Race: Terran Terran
  • Spawn Location: 1:00

ShoWTimE

  • Race: Protoss Protoss
  • Spawn Location: 7:00

Event: IEM XI Katowice - World Championship 2017

VOD

Have the link to the VOD?

Description

Time

  • Played on: March 3, 2017, 3:45 p.m.
  • Length: 20:21

All games in this series

Show
View Real Time Build Order
Export as new Build Order

uThermal Terran - Winner!

Build Orders:  

Get SALT Encoding   

  12  0:01  SCV  
  13  0:13  SCV  
  14  0:18  Supply Depot  
  14  0:25  SCV  
  15  0:39  SCV  
  15  0:41  Barracks  
  16  0:44  Refinery  
  16  0:51  SCV  
  17  1:03  SCV  
  18  1:15  SCV  
  19  1:27  Marine  
  19  1:28  Orbital Command  
  20  1:43  Command Center  
  20  1:55  SCV  
  20  1:58  Factory  
  21  2:03  Barracks Reactor  
  21  2:08  SCV  
  22  2:13  Supply Depot  
  22  2:18  Refinery  
  22  2:20  SCV  
  23  2:35  SCV  
  24  2:40  Marine x2  
  26  2:44  Starport  
  26  2:46  Widow Mine  
  26  2:47  SCV  
  28  2:55  Orbital Command  
  28  2:59  SCV  
  28  3:01  Marine  
  28  3:04  Marine  
  31  3:11  SCV  
  32  3:21  Widow Mine, Medivac  
  32  3:22  SCV  
  32  3:25  Marine x2  
  39  3:32  Supply Depot, SCV  
  39  3:34  SCV  
  41  3:44  SCV  
  41  3:46  SCV  
  43  3:49  Marine x2  
  43  3:51  Factory Tech Lab  
  43  3:55  Widow Mine, Medivac  
  47  3:59  Supply Depot, SCV  
  47  4:00  SCV  
  51  4:07  Marine x2  
  53  4:11  SCV  
  53  4:12  Liberator  
  53  4:14  SCV  
  54  4:24  SCV  
  55  4:27  SCV  
  55  4:29  Factory Tech Lab  
  57  4:32  Marine  
  57  4:36  Marine, SCV  
  60  4:39  SCV  
  60  4:41  Supply Depot x2  
  61  4:48  SCV  
  62  4:58  Supply Depot  
  62  5:02  Marine x2, Siege Tank, SCV x2  
  62  5:06  Supply Depot  
  68  5:14  SCV x2  
  68  5:20  Marine  
  67  5:23  Marine  
  67  5:26  SCV x2  
  70  5:31  Liberator  
  70  5:36  Siege Tank  
  70  5:37  Marine  
  70  5:38  SCV x2  
  70  5:40  Marine  
  77  5:43  Supply Depot  
  77  5:49  Supply Depot  
  80  5:50  SCV  
  80  5:55  Marine  
  80  5:57  SCV  
  83  6:03  SCV  
  85  6:09  SCV  
  85  6:15  Siege Tank  
  85  6:16  Marine  
  85  6:18  SCV  
  90  6:20  Command Center  
  90  6:21  Marine  
  91  6:26  SCV  
  92  6:34  Marine  
  92  6:35  Barracks  
  92  6:36  Barracks  
  92  6:38  SCV  
  94  6:45  Marine  
  94  6:50  Siege Tank, Barracks  
  94  6:53  SCV  
  93  6:56  Marine  
  93  7:00  SCV  
  89  7:07  SCV  
  86  7:13  SCV  
  87  7:19  SCV  
  88  7:22  Barracks  
  88  7:25  SCV  
  80  7:32  SCV  
  74  7:37  SCV  
  74  7:40  Siege Tank  
  74  7:42  Orbital Command  
  74  7:44  SCV  
  78  7:46  Barracks Tech Lab x2  
  78  7:48  Engineering Bay  
  78  7:54  Marine x2, Refinery  
  78  7:55  SCV, Refinery  
  81  8:04  SCV  
  79  8:06  Stimpack, Combat Shields  
  79  8:08  SCV  
  79  8:09  Engineering Bay, SCV  
  79  8:14  Barracks Reactor  
  79  8:17  Missile Turret  
  79  8:19  Terran Infantry Weapons Level 1  
  78  8:20  Starport Reactor, SCV  
  78  8:22  SCV  
  78  8:23  SCV  
  81  8:29  Missile Turret  
  81  8:31  Missile Turret  
  81  8:32  Marine  
  81  8:33  SCV  
  83  8:34  SCV  
  83  8:37  Terran Infantry Armor Level 1  
  83  8:38  SCV  
  83  8:39  Marine  
  85  8:42  Marine  
  85  8:45  SCV  
  85  8:46  Marine, SCV  
  88  8:49  Marine  
  88  8:50  SCV  
  88  8:51  Marine x2  
  88  8:56  Marine  
  88  8:57  SCV  
  88  8:58  Medivac  
  88  9:00  Marine, Medivac  
  91  9:03  SCV  
  91  9:04  Marine  
  91  9:08  Marine  
  91  9:09  Missile Turret  
  93  9:12  SCV  
  93  9:13  Marine  
  93  9:14  Marine, SCV  
  81  9:17  SCV  
  81  9:18  Marine  
  81  9:22  Siege Tank  
  80  9:27  Supply Depot  
  80  9:28  SCV x2  
  80  9:29  Marine  
  81  9:32  Marine  
  81  9:33  Marine  
  81  9:36  SCV  
  80  9:41  Marine, SCV  
  80  9:42  Supply Depot, SCV  
  80  9:48  SCV  
  80  9:52  Supply Depot  
  81  9:53  SCV  
  81  9:56  Bunker  
  81  9:58  SCV  
  81  9:59  Marine x2  
  82  10:01  Supply Depot x2, SCV  
  82  10:02  Marine x2  
  82  10:06  Marine x2  
  87  10:07  SCV  
  87  10:10  SCV  
  87  10:13  SCV  
  90  10:17  Marine x2, Medivac  
  90  10:19  Medivac  
  90  10:20  Marine x2  
  90  10:21  SCV  
  99  10:24  Marine x2, SCV  
  102  10:31  Armory, Siege Tank  
  105  10:36  Marine  
  105  10:37  Marine  
  105  10:41  SCV  
  104  10:46  SCV  
  104  10:48  SCV  
  99  10:52  Marine x2  
  99  10:53  SCV  
  99  10:55  Marine  
  99  10:56  Marine  
  104  10:58  Barracks Reactor  
  104  11:00  SCV x2  
  104  11:02  Factory  
  104  11:03  Marine x2  
  108  11:05  SCV  
  108  11:06  Siege Tank  
  108  11:07  Refinery  
  108  11:08  Refinery  
  108  11:10  Marine x2  
  114  11:12  SCV x2  
  114  11:13  Marine x2  
  122  11:21  Marine  
  123  11:26  Marine  
  123  11:28  Marine  
  123  11:31  Supply Depot x2, Marine x2  
  127  11:33  Marine  
  127  11:38  Siege Tank  
  127  11:39  Marine  
  132  11:41  Terran Infantry Weapons Level 2, Terran Infantry Armor Level 2  
  132  11:42  Marine  
  132  11:44  Marine x2  
  131  11:47  Factory Tech Lab  
  131  11:52  Marine x2  
  133  11:56  Marine x2  
  133  11:58  Marine  
  133  12:00  Marine  
  137  12:02  Marine x2  
  138  12:10  Marine x2  
  138  12:13  Marine x2  
  135  12:16  Marine  
  135  12:17  Siege Tank  
  135  12:18  Marine, Terran Vehicle Weapons Level 1  
  135  12:19  Siege Tank  
  135  12:20  Marine x2  
  135  12:21  Medivac  
  147  12:28  Marine x2  
  146  12:31  Marine x2  
  146  12:34  Marine  
  146  12:35  Marine  
  150  12:37  Marine  
  150  12:41  Marine  
  152  12:46  Marine  
  152  12:47  Marine  
  152  12:49  Marine x2  
  152  12:50  Siege Tank  
  152  12:51  Siege Tank  
  161  12:52  Marine  
  161  12:56  Marine  
  161  12:57  Marine  
  153  12:59  Marine  
  153  13:01  Supply Depot, Viking  
  153  13:03  Marine  
  153  13:05  Marine  
  158  13:07  Marine x2  
  158  13:10  Marine  
  161  13:16  Supply Depot  
  161  13:17  Marine x2, Supply Depot  
  163  13:21  Marine  
  163  13:22  Siege Tank  
  163  13:23  Marine  
  163  13:24  Marine  
  163  13:25  Marine  
  163  13:27  Marine  
  170  13:30  Siege Tank  
  174  13:37  Marine  
  174  13:40  Marine x2  
  177  13:42  Marine x2  
  177  13:44  Marine x2  
  177  13:46  Marine  
  182  13:54  Siege Tank  
  182  13:55  Marine  
  185  13:58  Marine x2  
  185  14:00  Marine x2  
  185  14:02  Marine x2, Siege Tank  
  188  14:03  Marine  
  190  14:13  Marine  
  190  14:16  Marine x2  
  193  14:18  Marine x2  
  193  14:20  Marine x2  
  193  14:21  Marine  
  193  14:23  Orbital Command  
  194  14:26  Siege Tank  
  194  14:31  Marine  
  194  14:34  Marine x2  
  194  14:35  Marine, Siege Tank  
  194  14:36  Marine  
  200  14:46  Terran Infantry Weapons Level 3, Terran Infantry Armor Level 3  
  200  15:12  Marine x3  
  198  15:19  Missile Turret  
  190  15:25  Marine  
  141  15:31  Marine  
  141  15:32  Siege Tank  
  141  15:35  Marine x4, Siege Tank  
  138  15:36  Marine x2  
  144  15:43  Marine  
  144  15:45  Medivac x2  
  144  15:49  Marine  
  150  15:53  Marine x4  
  154  15:57  Marine x2  
  156  16:06  Marine  
  156  16:07  Marine  
  156  16:11  Marine x2  
  158  16:13  Marine  
  158  16:15  Medivac x2, Barracks x2  
  165  16:22  Marine  
  165  16:23  Marine  
  166  16:32  Marine  
  134  16:36  Marine x2  
  134  16:37  Marine  
  134  16:38  Marine x2  
  114  16:40  Marine  
  114  16:44  Marine  
  114  16:46  Siege Tank  
  114  16:47  Siege Tank  
  110  16:50  Marine  
  110  16:53  Marine  
  109  16:54  Marine x2  
  109  16:56  Marine x2  
  109  16:58  Marine, SCV  
  109  16:59  Refinery  
  109  17:00  Refinery  
  115  17:02  Marine x2  
  115  17:05  Marine  
  115  17:07  Marine  
  119  17:11  Marine  
  119  17:12  Marine x2  
  122  17:18  Siege Tank  
  122  17:19  Marine  
  122  17:20  Marine  
  127  17:24  Marine  
  127  17:26  Marine  
  129  17:30  Marine  
  129  17:32  Marine  
  126  17:39  Marine  
  126  17:40  Marine  
  126  17:44  Marine  
  125  17:45  Marine  
  125  17:51  Marine  
  119  17:53  Marine x2  
  119  17:54  Marine  
  119  17:55  Marine  
  115  17:58  Marine  
  115  17:59  Marine  
  115  18:01  Marine  
  115  18:04  Marine x2  
  115  18:05  Siege Tank  
  118  18:08  Marine  
  118  18:11  Marine x2  
  118  18:12  Marine  
  122  18:13  Marine  
  122  18:16  Marine  
  123  18:22  Marine  
  123  18:26  Marine x2  
  116  18:28  Marine  
  116  18:29  Marine  
  116  18:31  Marine, Missile Turret  
  118  18:35  Medivac  
  118  18:39  Medivac  
  122  18:42  Marine  
  122  18:45  Orbital Command  
  122  18:46  Marine  
  122  18:48  Marine  
  125  18:51  Missile Turret  
  125  18:54  Siege Tank  
  128  18:58  Siege Tank  
  128  18:59  Marine  
  128  19:01  Marine  
  133  19:04  Marine  
  133  19:06  Marine  
  133  19:09  Marine  
  135  19:11  Marine  
  135  19:16  Marine  
  135  19:17  Marine  
  138  19:19  Marine  
  138  19:21  Marine x2  
  138  19:23  Marine  
  143  19:26  Siege Tank  
  143  19:28  Marine x3  
  143  19:30  Marine  
  144  19:35  Marine  
  144  19:37  Marine, Medivac  
  146  19:39  Marine  
  146  19:41  Medivac  
  146  19:44  Marine  
  146  19:45  Marine  
  137  20:01  Marine  
  137  20:02  Marine  
Show
View Real Time Build Order
Export as new Build Order

ShoWTimE Protoss 

Build Orders: 1 Gate Expand, Oracle Opening, Phoenix Opening 

Get SALT Encoding   

  12  0:00  Probe (Chrono Boost)  
  13  0:11  Probe (Chrono Boost)  
  14  0:18  Pylon  
  14  0:22  Probe (Chrono Boost)  
  15  0:36  Probe (Chrono Boost)  
  15  0:39  Gateway  
  16  0:43  Assimilator  
  16  0:47  Probe (Chrono Boost)  
  17  0:57  Probe (Chrono Boost)  
  18  1:08  Probe (Chrono Boost)  
  19  1:22  Nexus  
  19  1:25  Probe (Chrono Boost)  
  20  1:35  Cybernetics Core  
  20  1:39  Probe (Chrono Boost)  
  21  1:44  Assimilator  
  21  1:50  Probe (Chrono Boost)  
  22  1:55  Pylon  
  22  2:00  Probe (Chrono Boost)  
  22  2:09  Adept  
  22  2:12  Probe (Chrono Boost)  
  25  2:20  Stargate  
  25  2:25  Probe (Chrono Boost)  
  25  2:29  Warp Gate  
  26  2:35  Adept, Probe (Chrono Boost)  
  28  2:37  Probe (Chrono Boost)  
  30  2:45  Probe (Chrono Boost)  
  30  2:49  Probe (Chrono Boost)  
  32  2:56  Probe (Chrono Boost)  
  33  2:59  Oracle  
  33  3:00  Pylon  
  33  3:01  Probe (Chrono Boost)  
  37  3:08  Adept  
  37  3:09  Probe (Chrono Boost)  
  40  3:15  Probe (Chrono Boost)  
  42  3:21  Probe (Chrono Boost)  
  42  3:25  Gateway  
  43  3:27  Probe (Chrono Boost)  
  43  3:31  Gateway  
  44  3:35  Probe (Chrono Boost)  
  44  3:36  Phoenix  
  46  3:43  Probe (Chrono Boost)  
  46  3:47  Probe (Chrono Boost)  
  48  3:55  Pylon, Probe (Chrono Boost)  
  49  3:58  Phoenix  
  49  4:00  Probe (Chrono Boost)  
  52  4:09  Probe (Chrono Boost)  
  53  4:12  Probe (Chrono Boost)  
  53  4:15  Nexus  
  54  4:19  Nexus  
  54  4:22  Probe (Chrono Boost)  
  56  4:24  Probe (Chrono Boost)  
  56  4:31  Pylon  
  56  4:32  Adept  
  56  4:33  Adept  
  60  4:40  Pylon  
  60  4:41  Pylon  
  62  4:53  Mothership Core (Chrono Boost)  
  62  4:54  Phoenix  
  62  4:56  Robotics Facility  
  64  5:00  Adept x2  
  64  5:03  Adept  
  64  5:06  Probe (Chrono Boost)  
  71  5:08  Pylon  
  71  5:11  Assimilator  
  71  5:17  Phoenix  
  73  5:25  Adept  
  73  5:28  Probe x2 (Chrono Boost)  
  77  5:33  Adept  
  77  5:34  Adept  
  77  5:40  Probe (Chrono Boost)  
  77  5:41  Assimilator  
  76  5:42  Observer  
  76  5:47  Probe (Chrono Boost)  
  76  5:49  Probe (Chrono Boost)  
  79  5:52  Adept x2  
  79  5:55  Adept  
  83  6:09  Phoenix, Gateway  
  83  6:10  Gateway  
  83  6:14  Adept  
  83  6:15  Adept  
  87  6:24  Adept  
  89  6:31  Pylon  
  89  6:32  Pylon  
  89  6:34  Pylon  
  89  6:41  Pylon  
  89  6:47  Phoenix  
  91  7:05  Adept x2  
  91  7:06  Adept  
  97  7:09  Phoenix  
  97  7:12  Twilight Council  
  97  7:13  Probe x2 (Chrono Boost)  
  97  7:14  Forge  
  82  7:31  Phoenix  
  82  7:35  Resonating Glaives, Adept x3  
  78  7:44  Protoss Ground Weapons Level 1  
  74  7:47  Gateway  
  74  7:48  Gateway  
  74  7:51  Gateway  
  74  7:54  Pylon  
  74  7:56  Adept x4  
  84  8:10  Adept  
  86  8:14  Observer  
  86  8:17  Pylon  
  86  8:19  Phoenix  
  87  8:24  Adept  
  87  8:25  Adept x3  
  95  8:32  Adept, Dark Shrine  
  97  8:34  Observer  
  98  8:51  Phoenix  
  98  8:53  Observer  
  101  9:00  Adept  
  101  9:01  Adept x6  
  115  9:06  Stalker  
  117  9:16  Phoenix  
  115  9:33  Nexus  
  115  9:55  Nexus  
  115  10:17  Robotics Bay  
  115  10:18  Robotics Facility  
  115  10:20  Probe x2 (Chrono Boost)  
  117  10:25  Pylon  
  117  10:30  Sentry  
  117  10:31  Protoss Ground Weapons Level 2  
  117  10:32  Probe (Chrono Boost)  
  121  10:35  Probe (Chrono Boost)  
  120  10:44  Probe (Chrono Boost)  
  114  10:51  Warp Prism  
  114  10:54  Probe (Chrono Boost)  
  114  10:55  Probe (Chrono Boost)  
  114  10:56  Probe (Chrono Boost)  
  117  11:03  Assimilator, Charge  
  117  11:05  Probe (Chrono Boost)  
  117  11:06  Assimilator  
  117  11:07  Probe (Chrono Boost)  
  117  11:08  Probe (Chrono Boost)  
  120  11:12  Probe (Chrono Boost)  
  120  11:15  Probe (Chrono Boost)  
  123  11:19  Probe (Chrono Boost)  
  123  11:20  Probe (Chrono Boost), Pylon, Colossus  
  123  11:22  Probe (Chrono Boost)  
  123  11:25  Colossus  
  125  11:26  Probe (Chrono Boost)  
  138  11:33  Extended Thermal Lance  
  138  11:39  Assimilator  
  138  11:41  Assimilator  
  138  11:51  Pylon  
  138  11:52  Pylon  
  138  11:53  Probe (Chrono Boost)  
  139  11:57  Stalker x4  
  141  12:09  Adept x2  
  141  12:14  Adept x2  
  141  12:15  Colossus  
  135  12:23  Colossus  
  141  12:36  Probe x2 (Chrono Boost)  
  146  12:38  Stalker  
  143  12:51  Probe (Chrono Boost)  
  147  12:52  Probe x3 (Chrono Boost)  
  143  13:01  Probe (Chrono Boost)  
  143  13:04  Probe x3 (Chrono Boost)  
  147  13:13  Stalker x2  
  147  13:17  Probe x2 (Chrono Boost)  
  153  13:23  Protoss Ground Armor Level 1, Immortal  
  153  13:33  Probe x2 (Chrono Boost)  
  159  13:38  Adept x2  
  163  13:46  Templar Archives  
  163  13:51  Zealot  
  163  13:52  Zealot  
  164  14:03  Zealot x3  
  164  14:07  Dark Templar  
  172  14:12  Zealot  
  172  14:13  Zealot  
  176  14:20  Zealot x2  
  178  14:24  Pylon  
  178  14:25  Pylon  
  178  14:30  High Templar x2, Observer  
  178  14:31  Zealot  
  178  14:35  Archon  
  178  14:36  Zealot  
  178  14:37  Zealot  
  180  14:44  Zealot, High Templar x2  
  184  14:48  Archon  
  183  14:54  Zealot  
  181  15:00  Zealot  
  181  15:06  Zealot x3  
  187  15:13  Zealot  
  170  15:23  Zealot x2  
  170  15:24  Zealot x2  
  170  15:27  Immortal  
  120  15:33  High Templar x2  
  120  15:34  High Templar x2  
  113  15:37  Archon  
  113  15:40  Assimilator, Archon  
  113  15:45  Zealot x3  
  113  15:46  Zealot  
  118  15:53  Immortal  
  121  16:06  Zealot x2, High Templar x2  
  121  16:07  Zealot x3  
  121  16:10  Archon  
  121  16:11  Zealot  
  131  16:27  Zealot x2  
  131  16:28  Zealot x2  
  107  16:34  Zealot x2  
  91  16:46  High Templar x2  
  93  16:51  Assimilator  
  93  16:53  Archon  
  93  16:58  Adept x2  
  93  16:59  Adept  
  99  17:04  Zealot x2  
  99  17:05  Observer  
  104  17:12  Adept, Colossus  
  106  17:20  Adept  
  114  17:26  Zealot  
  117  17:31  Probe x2 (Chrono Boost)  
  117  17:32  Probe (Chrono Boost)  
  117  17:33  Probe (Chrono Boost)  
  117  17:35  Adept  
  116  17:44  Adept x2  
  118  17:49  Zealot  
  103  18:03  Zealot x3  
  103  18:04  Zealot  
  94  18:09  Zealot x2  
  86  18:13  Zealot  
  83  18:23  High Templar  
  83  18:24  High Templar x3  
  89  18:29  Archon x2  
  89  18:32  Mothership Core (Chrono Boost)  
  91  18:35  Pylon  
  91  18:37  High Templar x2  
  91  18:38  Zealot  
  91  18:40  Adept  
  99  18:43  Archon  
  99  18:59  Sentry  
  99  19:00  Zealot x3, Sentry x2  
  109  19:12  Adept x2  
  113  19:27  Adept x4  
  108  19:42  Adept x3  
  113  19:49  Adept x2  
  115  19:58  Adept x2  

Tags
 
Add a new tag
Caveats
  • Supply blocks, unpowered buildings, or Contaminate may cause inaccurate times.
  • Supply counts are checked every 10 seconds.